Map: Fear and Faith LE

Players

naane - Winner!

  • Race: Protoss Protoss

VOD

Have the link to the VOD?

Description

Time

  • Played on: Aug. 22, 2026, 5:52 p.m.
  • Length: 19:25
Show
View Real Time Build Order
Export as new Build Order

naane Protoss - Winner!

Build Orders:  

Get SALT Encoding   

  8  0:03  Probe (Chrono Boost)  
  10  0:20  Probe (Chrono Boost)  
  10  0:37  Probe (Chrono Boost)  
  11  0:52  Probe (Chrono Boost)  
  11  0:53  Pylon  
  12  1:03  Probe (Chrono Boost)  
  13  1:15  Probe (Chrono Boost)  
  14  1:27  Gateway  
  14  1:28  Probe (Chrono Boost)  
  15  1:39  Probe (Chrono Boost)  
  15  1:48  Assimilator  
  16  1:51  Probe (Chrono Boost)  
  17  2:07  Probe (Chrono Boost)  
  18  2:15  Forge  
  18  2:24  Probe (Chrono Boost)  
  19  2:39  Cybernetics Core  
  20  2:41  Probe (Chrono Boost)  
  20  2:58  Probe (Chrono Boost)  
  21  3:07  Pylon  
  21  3:15  Protoss Ground Weapons Level 1 (Chrono Boost)  
  21  3:45  Probe (Chrono Boost)  
  21  3:49  Zealot  
  24  4:00  Probe (Chrono Boost)  
  24  4:01  Assimilator  
  25  4:16  Probe  
  26  4:23  Pylon  
  26  4:28  Sentry  
  26  4:33  Pylon, Probe  
  29  4:56  Probe  
  29  4:57  Nexus  
  30  5:00  Warp Gate  
  30  5:01  Stalker  
  32  5:13  Probe  
  33  5:32  Pylon  
  33  5:36  Pylon  
  33  5:43  Zealot  
  33  5:44  Robotics Facility  
  35  5:59  Probe  
  36  6:08  Twilight Council  
  36  6:16  Probe  
  36  6:17  Stalker  
  37  6:27  Gateway  
  37  6:32  Probe  
  37  6:36  Stalker  
  38  6:49  Probe  
  41  6:52  Warp Prism  
  45  7:05  Probe  
  46  7:14  Assimilator  
  46  7:21  Assimilator  
  46  7:35  Stalker  
  48  7:40  Gateway  
  40  8:14  Stalker  
  36  8:40  Stalker  
  38  8:52  Blink  
  38  9:06  Gateway  
  38  9:09  Gateway  
  38  9:11  Probe x2  
  38  9:12  Gateway  
  38  9:15  Pylon  
  38  9:16  Immortal  
  38  9:19  Pylon  
  44  9:24  Pylon  
  44  9:28  Probe x2  
  46  9:40  Robotics Bay  
  46  9:42  Zealot x2  
  46  9:44  Zealot  
  52  10:11  Immortal  
  56  10:21  Protoss Ground Weapons Level 2 (Chrono Boost)  
  56  10:47  Probe x2  
  58  11:04  Probe x2  
  60  11:22  Probe x2  
  62  11:39  Probe x2  
  64  11:41  Stalker x5  
  64  11:44  Nexus  
  64  11:46  Zealot  
  64  11:48  Extended Thermal Lance  
  76  12:15  Probe x2  
  78  12:20  Colossus  
  84  12:32  Probe x2  
  84  12:37  Stalker x2  
  84  12:38  Stalker  
  92  12:40  Zealot x3  
  98  13:15  Probe  
  98  13:17  Probe  
  95  13:32  Probe  
  95  13:34  Probe  
  95  13:35  Stalker x2  
  95  13:36  Stalker x2  
  95  13:37  Stalker x2  
  103  13:47  Charge  
  94  13:51  Probe  
  71  14:20  Probe x2  
  71  14:21  Probe  
  72  14:36  Colossus  
  78  14:45  Sentry  
  80  15:05  Stalker x2  
  80  15:06  Stalker x2  
  80  15:07  Stalker  
  90  15:24  Pylon  
  90  15:27  Pylon  
  90  15:33  Probe  
  90  15:34  Probe x2  
  90  15:35  Pylon x2  
  90  15:38  Pylon  
  93  15:51  Colossus  
  93  15:52  Pylon  
  93  15:55  Nexus  
  99  16:18  Assimilator  
  99  16:23  Assimilator  
  93  16:46  Stalker x4  
  93  16:47  Stalker  
  101  17:06  Immortal  
  101  18:08  Zealot x2  
  101  18:09  Zealot x4  
  111  18:49  Stalker x2  
  115  18:50  Stalker x3  
  115  18:51  Stalker  
Tags
 
Add a new tag
Caveats
  • Supply blocks, unpowered buildings, or Contaminate may cause inaccurate times.
  • Supply counts are checked every 10 seconds.